Map: [ESL] Moondance

Players

Harstem

  • Race: Protoss Protoss
  • Spawn Location: 6:00

Botvinnik - Winner!

  • Race: Terran Terran
  • Spawn Location: 12:00

Event: DreamHack SC2 Masters 2022 Valencia

VOD

Have the link to the VOD?

Description

Time

  • Played on: July 1, 2022, 1:21 p.m.
  • Length: 7:21

All games in this series

Show
View Real Time Build Order
Export as new Build Order

Harstem Protoss 

Build Orders: 1 Gate Expand, Phoenix Opening 

Get SALT Encoding   

  12  0:00  Probe  
  13  0:12  Probe  
  14  0:17  Pylon  
  14  0:24  Probe (Chrono Boost)  
  15  0:36  Probe (Chrono Boost)  
  15  0:38  Gateway  
  16  0:45  Probe (Chrono Boost)  
  17  0:50  Assimilator  
  17  0:51  Probe  
  18  1:03  Probe  
  19  1:15  Probe  
  20  1:24  Nexus  
  20  1:35  Cybernetics Core  
  20  1:37  Probe  
  21  1:42  Assimilator  
  21  1:49  Probe  
  21  1:53  Pylon  
  21  2:01  Probe  
  22  2:08  Adept (Chrono Boost)  
  22  2:13  Probe  
  25  2:20  Stargate  
  25  2:25  Probe  
  26  2:30  Adept (Chrono Boost)  
  26  2:36  Warp Gate  
  28  2:37  Probe  
  28  2:38  Probe  
  30  2:50  Probe x2  
  32  2:51  Adept  
  34  2:59  Shield Battery  
  34  3:05  Phoenix (Chrono Boost)  
  35  3:07  Probe  
  35  3:10  Probe  
  38  3:19  Probe  
  39  3:21  Phoenix  
  39  3:23  Probe  
  42  3:28  Pylon  
  42  3:31  Probe  
  43  3:37  Robotics Facility  
  43  3:38  Probe  
  44  3:44  Probe  
  45  3:52  Phoenix  
  47  3:57  Probe  
  47  3:58  Probe  
  47  4:09  Probe  
  47  4:10  Probe  
  46  4:21  Probe  
  46  4:22  Probe  
  48  4:25  Observer (Chrono Boost)  
  48  4:28  Zealot  
  48  4:29  Shield Battery  
  50  4:32  Shield Battery  
  50  4:34  Probe  
  50  4:37  Immortal (Chrono Boost)  
  52  4:46  Pylon  
  52  4:50  Stalker  
  52  4:52  Shield Battery  
  53  5:12  Probe  
  53  5:15  Zealot  
  51  5:21  Probe  
  53  5:29  Void Ray (Chrono Boost)  
  50  5:36  Probe  
  50  5:38  Probe, Zealot  
  48  5:46  Shield Battery  
  48  5:49  Probe  
  49  5:51  Pylon, Probe  
  49  5:56  Pylon  
  47  5:59  Stalker  
  47  6:09  Probe x2  
  46  6:23  Void Ray (Chrono Boost), Zealot  
  52  6:35  Probe  
  52  6:39  Pylon  
  52  6:42  Probe  
  48  6:52  Probe  
  48  6:53  Shield Battery  
  44  6:58  Probe  
  41  7:01  Zealot  
Show
View Real Time Build Order
Export as new Build Order

Botvinnik Terran - Winner!

Build Orders: 1/1/1, Widow Mine Drop 

Get SALT Encoding   

  12  0:00  SCV  
  13  0:12  SCV  
  14  0:17  Supply Depot  
  14  0:24  SCV  
  15  0:39  SCV  
  15  0:40  Barracks  
  16  0:43  Refinery  
  16  0:51  SCV  
  16  0:52  Refinery  
  17  1:03  SCV  
  18  1:15  SCV  
  19  1:27  Orbital Command  
  19  1:30  Marine  
  19  1:32  Factory  
  20  1:40  Supply Depot  
  20  1:48  Barracks Reactor  
  20  1:54  SCV  
  21  2:08  SCV  
  22  2:16  Widow Mine  
  22  2:17  Starport  
  22  2:21  SCV  
  25  2:24  Marine x2  
  25  2:27  Supply Depot  
  27  2:33  SCV  
  28  2:40  Widow Mine  
  28  2:42  Marine  
  31  2:48  Marine  
  32  2:54  Medivac  
  34  3:04  Armory  
  34  3:05  Marine  
  33  3:06  Marine  
  33  3:07  Supply Depot  
  33  3:10  Widow Mine  
  37  3:23  Marine  
  37  3:24  Marine  
  39  3:32  Factory Tech Lab  
  39  3:33  Supply Depot  
  39  3:41  Marine  
  39  3:42  Marine  
  41  3:52  Thor  
  47  3:57  Medivac  
  47  3:59  Marine  
  47  4:00  Marine  
  51  4:16  Marine  
  50  4:20  Marine  
  51  4:35  Marine  
  51  4:37  Marine  
  54  4:41  Supply Depot  
  54  4:44  Siege Tank  
  54  4:46  Liberator  
  55  5:02  Marine x2  
  55  5:17  Siege Tank  
  55  5:20  Marine x2  
  53  5:38  Marine x2  
  47  5:49  Siege Tank  
  49  5:56  SCV, Marine x2  
  50  6:14  Marine  
  50  6:18  Marine  
  48  6:21  Siege Tank  
  52  6:36  Marine x2  
  54  6:46  SCV  
  57  6:58  SCV  
  61  7:02  Marine  

Tags
 
Add a new tag
Caveats
  • Supply blocks, unpowered buildings, or Contaminate may cause inaccurate times.
  • Supply counts are checked every 10 seconds.